 Dungeon Crawl Stone Soup version 0.31-a0-851-g7ff8af7976 (webtiles) character file.

Game seed: 4884918636522618452

181023 IdlyInterested the Bludgeoner (level 17, -27/152 HPs)
             Began as a Demonspawn Wanderer on Oct 4, 2023.
             Was a High Priest of Okawaru.
             Annihilated by a radroach (37 damage)
             ... on level 4 of the Spider Nest on Oct 5, 2023.
             The game lasted 02:41:42 (33536 turns).

IdlyInterested the Bludgeoner (DsWn)               Turns: 33536, Time: 02:41:42

Health: -27/152    AC: 27    Str: 22 (24) XL:     17   Next: 66%
Magic:  0/27       EV: 11    Int: 14      God:    Okawaru [*****.]
Gold:   2600       SH: 11    Dex: 15 (16) Spells: 16/16 levels left

rFire   x . .        d - +3 mace "Baos" {freeze, rElec rPois rN++ rCorr}
rCold   + + +        v - +0 kite shield {rC+}
rNeg    + + .        O - +6 ice dragon scales of Lieczex {rF- rC++ Stlth+}
rPois   +            B - +1 helmet of Tegoeg {rC+ Regen+ Int+4}
rElec   +            t - +0 cloak
rCorr   +            g - +0 pair of gloves {Stlth+}
SInv    +            (boots unavailable)
Will    +....        c - amulet of guardian spirit
Stlth   ++           m - ring of protection from fire
HPRegen 1.25/turn    W - ring "Emoab" {Ice Str+3 Slay+2 SInv}
MPRegen 0.40/turn

%: clarity, guardian spirit
@: contaminated, glowing
A: hooves 3, slimy green scales 2, powered by death 3, magic regeneration,
bedeviling, clarity, mutation resistance 1, robust 1, MP-powered wands
a: Renounce Religion, Heroism, Finesse, Duel


You were on level 4 of the Spider Nest.
You worshipped Okawaru.
Okawaru was extremely pleased with you.
You visited 5 branches of the dungeon, and saw 27 of its levels.
You also visited: Bailey, Ice Cave and Volcano.

You collected 4228 gold pieces.
You spent 1628 gold pieces at shops.

Inventory:

Hand Weapons
 d - the +3 mace "Baos" (weapon) {freeze, rElec rPois rN++ rCorr}
   (You found it in an ice cave)

   rElec:     It insulates you from electricity.
   rPois:     It protects you from poison rN++: It greatly protects you from
   negative energy.
   rCorr:     It protects you from acid and corrosion.
 f - the +2 mace of the Delightful God {drain, rF+ Will+ Dex-3}
   (You bought it in a shop on level 2 of the Dungeon)

   Dex-3:     It affects your dexterity (-3).
   rF+:       It protects you from fire.
   Will+:     It increases your willpower.
 T - a +6 eveningstar of flaming
Missiles
 i - a throwing net
 n - 2 datura-tipped darts
 y - 4 curare-tipped darts
 F - 11 boomerangs (quivered)
 H - 11 atropa-tipped darts
 J - 7 poisoned darts
 R - 21 silver javelins
 U - 5 javelins
 Y - 3 darts of dispersal
Armour
 g - a +0 pair of gloves of stealth (worn)
 t - a +0 cloak (worn)
 v - a +0 kite shield of cold resistance (worn)
 B - the +1 helmet of Tegoeg (worn) {rC+ Regen+ Int+4}
   (Okawaru gifted it to you on level 13 of the Dungeon)

   Int+4:     It affects your intelligence (+4).
   rC+:       It protects you from cold.
   Regen+:    It increases your rate of health regeneration.
 E - a +2 hat of willpower
 O - the +6 ice dragon scales of Lieczex (worn) {rF- rC++ Stlth+}
   (You found it in an ice cave)

   rF-:       It makes you vulnerable to fire.
   rC++:      It greatly protects you from cold.
   Stlth+:    It makes you more stealthy.
 S - a +4 ring mail of fire resistance
Jewellery
 c - an amulet of guardian spirit (around neck)
 m - a ring of protection from fire (left hand)
 p - an amulet of magic regeneration
 u - a ring of fire
 N - an amulet of reflection
 W - the ring "Emoab" (right hand) {Ice Str+3 Slay+2 SInv}
   (You found it on level 15 of the Dungeon)

   [ring of ice]

   Ice:       It enhances your ice magic.
   Str+3:     It affects your strength (+3).
   Slay+2:    It affects your accuracy & damage with ranged weapons and melee
   (+2).
   rF-:       It makes you vulnerable to fire.
   rC+:       It protects you from cold.
   SInv:      It lets you see invisible.
Wands
 a - a wand of mindburst (6)
 k - a wand of paralysis (9)
 s - a wand of flame (70)
 I - a wand of digging (17)
 P - a wand of polymorph (4)
 Q - a wand of acid (2)
 Z - a wand of iceblast (9)
Scrolls
 b - 20 scrolls of teleportation
 o - 7 scrolls of immolation
 w - a scroll of revelation
 x - a scroll of silence
 z - 5 scrolls of enchant armour
 A - 5 scrolls of blinking
 G - 3 scrolls of fear
 K - 2 scrolls of brand weapon
 M - 2 scrolls of fog
 V - a scroll of torment
Potions
 e - 3 potions of brilliance
 h - 2 potions of resistance
 l - 9 potions of curing
 q - a potion of magic
 C - a potion of cancellation
 D - 3 potions of mutation
 L - a potion of invisibility
 X - 2 potions of enlightenment
Miscellaneous
 j - a tin of tremorstones (1/2)
 r - a phial of floods


   Skills:
 * Level 14.1 Fighting
 - Level 16.0 Maces & Flails
 - Level 14.0 Throwing
 - Level 10.0 Armour
 - Level 5.0 Dodging
 - Level 5.0 Stealth
 - Level 10.0 Shields
 - Level 14.0 Invocations
 + Level 4.0 Evocations


You had 16 spell levels left.
You didn't know any spells.
Your spell library contained the following spells:

 Spells                   Type           Power      Damage    Failure   Level
 Apportation              Tloc           0%         N/A       80%         1
 Necrotise                Necr           0%         1d4       80%         1
 Jinxbite                 Hex            0%         N/A       91%         2
 Static Discharge         Conj/Air       0%         2-2/arc   91%         2
 Dazzling Flash           Conj/Hex       0%         N/A       99%         3
 Inner Flame              Hex/Fire       0%         N/A       99%         3
 Vampiric Draining        Necr           0%         2d6       99%         3
 Volatile Blastmotes      Fire/Tloc      0%         2d10      99%         3
 Airstrike                Air            0%         2d(0-16)  100%        4
 Olgreb's Toxic Radiance  Pois           0%         N/A       100%        4
 Agony                    Necr           0%         N/A       100%        5
 Alistair's Intoxication  Tmut/Pois      0%         N/A       100%        5
 Silence                  Hex/Air        0%         N/A       100%        5
 Yara's Violent Unravell  Hex/Tmut       0%         3d3       100%        5
 Starburst                Conj/Fire      0%         6d3       100%        6
 Enfeeble                 Hex            0%         N/A       100%        7
 Discord                  Hex            0%         N/A       100%        8
 Ignition                 Fire           0%         3d3       100%        8
 Maxwell's Capacitive Co  Air            0%         ∞         100%        8
 Summon Lightning Spire   Summ/Air       Unusable   N/A       N/A         4

Dungeon Overview and Level Annotations

Branches:
Dungeon (15/15)            Temple (1/1) D:6            Lair (5/5) D:8
  Swamp (0/4) Lair:2       Spider (4/4) Lair:2        Slime (0/5) Lair:4
    Orc (2/2) D:12            Elf (0/3) Orc:2        Vaults (0/5) D:13
 Depths (0/4) D:15         Bailey (visited)           IceCv (visited)
Volcano (visited)

Altars:
Ashenzari
Cheibriados
Dithmenos
Fedhas
Gozag
Hepliaklqana
Kikubaaqudgha
Makhleb
Nemelex Xobeh
Okawaru
Qazlal
Ru
Sif Muna
Trog
Uskayaw
Vehumet
Wu Jian
Xom
Yredelemnul
Jiyva

Shops:
D:2 (((   D:13 :   D:15 ?*   Orc:2 :[[*


Innate Abilities, Weirdness & Mutations

You have hooves in place of feet.
You are mostly covered in slimy green scales. (AC +3)
You regenerate a lot of health from kills.
You regenerate magic rapidly.
Your hexes are more powerful.
You possess an exceptional clarity of mind.
You are somewhat resistant to further mutation.
You are robust. (+10% HP)
You expend magic power (3 MP) to strengthen your wands.


Message History

You hit the radroach but do no damage. You kick the radroach!
The radroach is moderately wounded.
You block the radroach's attack. x2
You thump the radroach! You freeze the radroach.
The radroach is heavily wounded.
You hit the radroach but do no damage.
The radroach is heavily wounded.
The radroach bites you!
* * * LOW HITPOINT WARNING * * *
You block the radroach's attack.
You hit the radroach. You freeze the radroach.
You kick the radroach, but do no damage.
The radroach is heavily wounded.
The radroach closely misses you. You block the radroach's attack.
Your body shudders with the violent release of wild energies!
You feel odd for a moment.
Okay, then.
You hit the radroach. You freeze the radroach.
You kick the radroach, but do no damage.
The radroach is heavily wounded.
A jumping spider comes into view.
The radroach bites you!
* * * LOW HITPOINT WARNING * * *
The radroach claws you but does no damage.
The jumping spider's many legs skitter faintly.
You sock the radroach! You freeze the radroach.
You kick the radroach, but do no damage.
The radroach is severely wounded.
The radroach erupts in a fountain of uncontrolled magic!
You are blasted with magical radiation!!
* * * LOW HITPOINT WARNING * * *
Aiming: Corrosive Bolt
Press: ? - help, Shift-Dir - straight line, f - radroach
Aim: a radroach (severely wounded, 91% to hit)
The bolt of acid hits the radroach but does no damage.
The radroach is severely wounded.
The jumping spider leaps!
The radroach erupts in a fountain of uncontrolled magic!
You are blasted with magical radiation!!!
You die...

###.#..†.####
##......†## ##
###...^.....##~.
#...##†##~.~#..^
##...#..###....^.
#^†##.<## #......
#......#####s.≈≈
#####†#.#..# #..≈≈#
#..###B@...###..#
#s.≈## #.°s..[#.##.^.##
#.s≈#
.......#......#.##.)(≈#
#.###.##...#.†.^##^..##
# ## ##.###.#.###.~#
#.#.....## #.(#
#.......## #.^#
#....#### #.^# ######


You could see a radroach and a jumping spider.

Vanquished Creatures
  Arachne (Arena)
  Rupert (Lair:4)
  Jorgrun (D:12)
  Donald (Spider:1)
  Roxanne (Spider:4)
  A rockslime (Arena)
  A fire giant (D:15)
  An azure jelly (IceCv)
  4 emperor scorpions
  The ghost of Pooter the Severer, a journeyman MiBe of Trog (Orc:2)
  5 ghost moths
  Louise (Spider:4)
  An ironbound preserver (D:13)
  A broodmother (Spider:4)
  3 quicksilver oozes (IceCv)
  Nessos (D:12)
  Azrael (D:15)
  A red draconian (Volcano)
  The ghost of Kasugh the Blocker, a journeyman GnWn of Cheibriados (D:15)
  A spark wasp (Spider:3)
  An ettin (Orc:1)
  Snorg (D:12)
  4 entropy weavers
  Fannar (D:11)
  4 hydras
  4 ghost crabs (Lair:4)
  A radroach (Spider:3)
  2 jorogumos
  An ogre mage (Volcano)
  2 tengu warriors
  9 boulder beetles
  6 centaur warriors
  8 two-headed ogres
  3 death yaks (Lair:5)
  Sonja (Lair:4)
  5 demonic crawlers
  4 fire crabs (Lair:4)
  6 pharaoh ants
  2 sun moths
  5 skysharks
  2 bog bodies (Lair:2)
  7 orb spiders
  12 steelbarb worms
  A lindwurm (Lair:2)
  A necromancer (Lair:5)
  21 ugly things
  2 deep elf pyromancers (D:15)
  The ghost of DocEon the Thaumaturge, a novice DECj (D:8)
  A wizard (D:14)
  4 orc knights
  16 wolf spiders
  10 cyclopes
  6 manticores
  2 moths of wrath
  3 black mambas
  10 elephants
  2 molten gargoyles (Volcano)
  2 ice statues (IceCv)
  Joseph (D:8)
  A torpor snail (shapeshifter) (D:13)
  2 eyes of devastation (D:15)
  An apocalypse crab (Lair:4)
  2 gargoyles
  3 torpor snails
  3 unseen horrors
  Maggie (Lair:1)
  9 cane toads
  2 kobold demonologists (D:11)
  2 rime drakes
  9 komodo dragons
  3 efreet
  5 trolls
  2 tengu conjurers
  10 hornets
  7 polar bears
  A meliai (D:13)
  28 tarantellas
  Prince Ribbit (D:8)
  5 dream sheep (Lair:3)
  A hornet (shapeshifter) (D:15)
  21 blink frogs
  17 jumping spiders
  A culicivora (shapeshifter) (D:13)
  21 culicivoras
  19 slime creatures
  3 wraiths
  14 spriggans (Lair:5)
  Eustachio (D:4)
  63 yaks
  7 fire bats (Volcano)
  3 basilisks
  3 fire elementals (D:15)
  A human (shapeshifter) (D:15)
  15 vampire mosquitoes
  9 wyverns
  4 steam dragons
  57 redbacks
  9 wargs
  3 acid dragons
  10 water moccasins
  A floating eye (D:11)
  2 hell hounds (D:15)
  8 ice beasts
  37 orc warriors
  3 ogres
  8 black bears
  6 great orb of eyes simulacra (IceCv)
  4 boggarts (Lair:5)
  39 wolves
  28 centaurs
  4 slime creature simulacra (IceCv)
  A phantom (D:6)
  3 necrophages (Lair:4)
  9 bullfrogs
  3 scorpions
  7 killer bees
  An electric eel (Lair:3)
  3 hounds
  5 lava snakes (Volcano)
  2 jellies
  5 orc priests
  A gnoll bouda (D:5)
  A sleepcap (D:7)
  Terence (D:2)
  14 orc wizards
  13 hell rats
  An iguana (D:7)
  3 yak simulacra (Lair:5)
  3 polar bear simulacra (Lair:5)
  3 shapeshifter simulacra (IceCv)
  2 wolf simulacra (Lair:5)
  12 gnolls
  7 adders
  13 white imps
  A worm (D:2)
  6 dart slugs
  77 orcs
  9 ball pythons
  15 endoplasms
  5 giant cockroaches
  8 hobgoblins
  5 jackals
  5 quokkas
  6 bats
  6 frilled lizards
  15 goblins
  8 kobolds
  4 rats
  3 river rat simulacra (Lair:5)
1008 creatures vanquished.

Vanquished Creatures (collateral kills)
  An emperor scorpion (Spider:3)
1 creature vanquished.

Vanquished Creatures (others)
  A torpor snail (Spider:2)
  An orc wizard (D:7)
2 creatures vanquished.

Grand Total: 1011 creatures vanquished

Notes
Turn   | Place    | Note
-------+----------+-------------------------------------------
     0 | D:1      | IdlyInterested the Demonspawn Wanderer began the quest for
                  | the Orb.
     0 | D:1      | IdlyInterested set off with the following items: a +0 club,
                  | 3 scrolls of teleportation, a +0 chain mail.
     0 | D:1      | Reached XP level 1. HP: 19/19 MP: 1/1
   185 | D:1      | Reached skill level 1 in Dodging
   270 | D:1      | Gained mutation: You have large cloven feet. [demonic
                  | ancestry]
   270 | D:1      | Reached XP level 2. HP: 25/25 MP: 2/2
   303 | D:1      | Found a faded altar of an unknown god.
   550 | D:1      | Reached skill level 1 in Stealth
  1168 | D:2      | Reached skill level 1 in Shields
  1168 | D:2      | Reached XP level 3. HP: 29/31 MP: 3/3
  1491 | D:2      | Found Goig's Antique Weapon Boutique.
  1530 | D:2      | Noticed Terence
  1540 | D:2      | Killed Terence
  1541 | D:2      | Reached skill level 5 in Fighting
  1541 | D:2      | Gained mutation: You are partially covered in slimy green
                  | scales. (AC +2) [demonic ancestry]
  1541 | D:2      | Reached XP level 4. HP: 18/39 MP: 4/4
  1760 | D:2      | Found Puxtat's Weapon Shoppe.
  1763 | D:2      | Found Dyugg's Book Shoppe.
  1897 | D:2      | Found Isabitzo's Weapon Boutique.
  1930 | D:2      | Reached skill level 1 in Evocations
  2761 | D:3      | Reached XP level 5. HP: 44/44 MP: 5/5
  3014 | D:3      | Reached skill level 5 in Armour
  3015 | D:3      | Gained mutation: Armour fits poorly on your strangely
                  | shaped body. [potion of mutation]
  3015 | D:3      | Gained mutation: You are weak. (Str -2) [potion of
                  | mutation]
  3255 | D:3      | Found a bloodstained altar of Trog.
  3846 | D:4      | Noticed a black bear
  3850 | D:4      | Killed a black bear
  3851 | D:4      | Gained mutation: You regenerate magic rapidly. [demonic
                  | ancestry]
  3851 | D:4      | Reached XP level 6. HP: 53/53 MP: 6/6
  4023 | D:4      | Found a broken altar of Ashenzari.
  4249 | D:4      | Noticed Eustachio
  4318 | D:4      | HP: 3/79 [river rat[Eustachio] (4)]
  4352 | D:4      | Killed Eustachio
  4353 | D:4      | Gained mutation: You regenerate a little health from kills.
                  | [demonic ancestry]
  4353 | D:4      | Reached XP level 7. HP: 9/60 MP: 7/7
  4727 | D:4      | Found an iron altar of Okawaru.
  5195 | D:4      | Became a worshipper of Warmaster Okawaru
  5216 | D:4      | Identified a scroll of acquirement
  5225 | D:4      | Acquired 1023 gold pieces
  5229 | D:5      | Entered Level 5 of the Dungeon
  5491 | D:2      | Bought the +2 mace of the Delightful God {drain, rF+ Will+
                  | Dex-3} for 373 gold pieces
  5617 | D:5      | Found an ancient bone altar of Kikubaaqudgha.
  6424 | D:5      | Identified the +2 trident of the Heart {drain, Int+3 Dex+4}
  6708 | D:6      | Reached skill level 1 in Maces & Flails
  7073 | D:6      | Reached skill level 2 in Maces & Flails
  7073 | D:6      | Gained mutation: You have hoof-like feet. [demonic
                  | ancestry]
  7073 | D:6      | Reached XP level 8. HP: 51/68 MP: 8/8
  7151 | D:6      | Found a hazy altar of Hepliaklqana.
  7189 | D:5      | Lost mutation: You are weak. (Str -2) [potion of mutation]
  7189 | D:5      | Lost mutation: Armour fits poorly on your strangely shaped
                  | body. [potion of mutation]
  7189 | D:5      | Gained mutation: You are occasionally teleported next to
                  | monsters. [potion of mutation]
  7189 | D:5      | Gained mutation: You expend magic power (3 MP) to
                  | strengthen your wands. [potion of mutation]
  7189 | D:5      | Gained mutation: You are agile. (Dex +4, Str/Int -1)
                  | [potion of mutation]
  7189 | D:5      | Gained mutation: Your mind is acute. (Int +4, Str/Dex -1)
                  | [potion of mutation]
  7381 | D:6      | Found a staircase to the Ecumenical Temple.
  7890 | Temple   | Entered the Ecumenical Temple
  8041 | D:7      | Reached * piety under Okawaru
  8042 | D:7      | Reached skill level 3 in Maces & Flails
  8455 | D:7      | Reached skill level 4 in Maces & Flails
  8624 | D:7      | Reached skill level 5 in Maces & Flails
  8635 | D:7      | Reached ** piety under Okawaru
  8636 | D:7      | Reached XP level 9. HP: 67/74 MP: 12/12
  8974 | D:8      | Reached skill level 6 in Maces & Flails
  9112 | D:8      | Noticed a rime drake
  9136 | D:8      | Killed a rime drake
  9137 | D:8      | Reached skill level 5 in Invocations
  9145 | D:8      | Reached skill level 7 in Maces & Flails
  9203 | D:8      | Reached *** piety under Okawaru
  9240 | D:8      | Found a runed translucent gate.
  9240 | D:8      | Found a runed translucent gate.
  9242 | D:8      | Found a runed translucent gate.
  9334 | D:8      | Reached skill level 8 in Maces & Flails
  9400 | D:8      | Found a staircase to the Lair.
  9533 | D:8      | Gained mutation: You are mostly covered in slimy green
                  | scales. (AC +3) [demonic ancestry]
  9533 | D:8      | Reached XP level 10. HP: 34/80 MP: 14/14
  9974 | D:8      | Noticed Prince Ribbit
  9981 | D:8      | Killed Prince Ribbit
 10074 | D:8      | Noticed a manticore
 10089 | D:8      | Noticed DocEon's ghost (novice DECj)
 10310 | D:8      | Noticed Joseph
 10329 | D:8      | Killed Joseph
 10329 | D:8      | Reached **** piety under Okawaru
 10330 | D:8      | Reached skill level 9 in Maces & Flails
 10589 | D:8      | Killed DocEon's ghost
 10618 | D:8      | Killed a manticore
 10861 | D:9      | Noticed a cyclops
 10868 | D:9      | Killed a cyclops
 10869 | D:9      | Reached skill level 10 in Maces & Flails
 11020 | D:9      | Found a flagged portal.
 11047 | Bailey   | Entered a bailey
 11740 | Bailey   | Noticed an orc knight
 11740 | Bailey   | Noticed an orc knight
 11755 | Bailey   | Killed an orc knight
 11755 | Bailey   | Reached ***** piety under Okawaru
 11763 | Bailey   | Killed an orc knight
 11764 | Bailey   | Reached skill level 11 in Maces & Flails
 11764 | Bailey   | Gained mutation: You regenerate health from kills. [demonic
                  | ancestry]
 11764 | Bailey   | Reached XP level 11. HP: 42/86 MP: 15/15
 12232 | D:9      | Found a shadowy altar of Dithmenos.
 12276 | D:9      | Found an opulent altar of Gozag.
 12353 | D:9      | Received a gift from Okawaru
 12553 | D:9      | Found an ornate altar of the Wu Jian Council.
 12554 | D:9      | Found a blossoming altar of Fedhas.
 12598 | D:10     | Entered Level 10 of the Dungeon
 12835 | D:10     | Paralysed by a hornet for 1 turns
 13098 | D:10     | Reached skill level 12 in Maces & Flails
 13673 | D:11     | Noticed a white ugly thing
 13686 | D:11     | Killed a white ugly thing
 13716 | D:11     | Received a gift from Okawaru
 13835 | D:11     | Noticed a purple ugly thing
 13838 | D:11     | Noticed a boulder beetle
 13866 | D:11     | Killed a purple ugly thing
 13875 | D:11     | Paralysed by a hornet for 2 turns
 13893 | D:11     | Killed a boulder beetle
 13894 | D:11     | Reached skill level 13 in Maces & Flails
 14040 | D:11     | Gained mutation: You regenerate a lot of health from kills.
                  | [demonic ancestry]
 14040 | D:11     | Reached XP level 12. HP: 85/92 MP: 18/18
 14085 | D:11     | Noticed a two-headed ogre
 14095 | D:11     | Killed a two-headed ogre
 14219 | D:11     | Noticed a boulder beetle
 14219 | D:11     | Paralysed by a floating eye for 3 turns
 14227 | D:11     | Received a gift from Okawaru
 14365 | D:11     | Killed a boulder beetle
 14463 | D:11     | Noticed Fannar
 14471 | D:11     | Killed Fannar
 14691 | D:11     | Acquired a +0 demon whip of draining
 14734 | D:11     | Reached skill level 14 in Maces & Flails
 15437 | D:12     | Noticed a two-headed ogre
 15440 | D:12     | Noticed a centaur warrior
 15447 | D:12     | Killed a two-headed ogre
 15447 | D:12     | Received a gift from Okawaru
 15452 | D:12     | Killed a centaur warrior
 15532 | D:12     | Noticed Snorg
 15539 | D:12     | Killed Snorg
 15703 | D:12     | Noticed Jorgrun
 15713 | D:12     | Killed Jorgrun
 15714 | D:12     | Reached skill level 10 in Invocations
 15845 | D:12     | Found a staircase to the Orcish Mines.
 15907 | D:12     | Noticed a two-headed ogre
 15917 | D:12     | Killed a two-headed ogre
 16043 | D:12     | Noticed Nessos
 16071 | D:12     | Killed Nessos
 16072 | D:12     | Reached skill level 10 in Fighting
 16513 | D:13     | Noticed a boulder beetle
 16515 | D:13     | Noticed a seven-headed hydra
 16528 | D:13     | Killed a seven-headed hydra
 16529 | D:13     | Reached XP level 13. HP: 81/104 MP: 14/20
 16613 | D:13     | Identified the +0 flail of Res Nullius {heavy, rPois Str+5
                  | Int+2}
 17058 | D:13     | You fall into a shaft and drop 1 floor!
 17116 | D:14     | Received a gift from Okawaru
 17322 | D:13     | Found Eryd's Book Shop.
 17381 | D:13     | Noticed an ironbound preserver
 17434 | D:13     | Received a gift from Okawaru
 17482 | D:13     | Reached ****** piety under Okawaru
 17483 | D:13     | Acquired the +1 helmet of Tegoeg {rC+ Regen+ Int+4}
 17483 | D:13     | Received a gift from Okawaru
 17531 | D:13     | Killed an ironbound preserver
 17571 | D:13     | Found a gate to the Vaults.
 17604 | D:13     | Acquired a +3 eveningstar of flaming
 17604 | D:13     | Received a gift from Okawaru
 18758 | D:14     | Received a gift from Okawaru
 18879 | D:15     | Entered Level 15 of the Dungeon
 18934 | D:15     | Noticed Azrael
 18995 | D:15     | Killed Azrael
 19009 | D:15     | Found a staircase to the Depths.
 19009 | D:15     | Noticed a fire giant
 19020 | D:15     | Found Los Xido's General Store.
 19039 | D:15     | Killed a fire giant
 19048 | D:15     | Reached XP level 14. HP: 91/113 MP: 7/24
 19054 | D:15     | Reached skill level 15 in Maces & Flails
 19100 | D:15     | Found a hazy altar of Hepliaklqana.
 19110 | D:15     | Received a gift from Okawaru
 19290 | D:15     | Found The Oracle's Delphic Readings.
 19311 | D:15     | Bought a scroll of enchant armour for 90 gold pieces
 19311 | D:15     | Bought a scroll of torment for 114 gold pieces
 19482 | D:15     | Found a runed translucent gate.
 19482 | D:15     | Found a runed translucent gate.
 19483 | D:15     | Found a runed translucent gate.
 19483 | D:15     | Noticed a rockslime
 19484 | D:15     | Noticed Kasugh's ghost (journeyman GnWn)
 19488 | D:15     | Found a viscous altar of Jiyva.
 19553 | Arena    | Entered the Arena
 19562 | Arena    | Killed a rockslime
 19600 | D:15     | Killed Kasugh's ghost
 19601 | D:15     | Reached skill level 16 in Maces & Flails
 19622 | D:15     | Identified the ring "Emoab" {Ice Str+3 Slay+2 SInv}
 19626 | D:15     | Identified the +4 dagger of Mens Rea {venom, Str+4 Int+5
                  | Dex+4}
 19790 | Lair:1   | Entered Level 1 of the Lair of Beasts
 19908 | Lair:1   | Received a gift from Okawaru
 19971 | Lair:1   | Noticed Maggie
 19981 | Lair:1   | Killed Maggie
 20757 | Lair:2   | Found a staircase to the Swamp.
 20845 | Lair:2   | Found a hole to the Spider Nest.
 21827 | Lair:3   | Reached skill level 5 in Throwing
 22091 | Lair:3   | Received a gift from Okawaru
 23042 | Lair:4   | Gained mutation: You have hooves in place of feet. [demonic
                  | ancestry]
 23042 | Lair:4   | Reached XP level 15. HP: 88/119 MP: 17/25
 23160 | Lair:4   | Received a gift from Okawaru
 23270 | Lair:4   | Found a runed translucent door.
 23458 | Lair:4   | Reached skill level 5 in Shields
 23500 | Lair:4   | Found a staircase to the Slime Pits.
 23500 | Lair:4   | Found a viscous altar of Jiyva.
 23503 | Lair:4   | Noticed Rupert
 23511 | Lair:4   | Killed Rupert
 23797 | Lair:4   | Noticed Sonja
 23799 | Lair:4   | Paralysed by Sonja for 4 turns
 23805 | Lair:4   | Killed Sonja
 23976 | Lair:5   | Entered Level 5 of the Lair of Beasts
 23990 | Lair:5   | Received a gift from Okawaru
 24102 | Lair:5   | Paralysed by a hornet for 2 turns
 24223 | Lair:5   | Received a gift from Okawaru
 24400 | Lair:5   | Reached skill level 10 in Throwing
 24820 | Lair:5   | Received a gift from Okawaru
 24845 | Lair:5   | Paralysed by a hornet for 1 turns
 25638 | Orc:1    | Entered Level 1 of the Orcish Mines
 25822 | Orc:2    | Entered Level 2 of the Orcish Mines
 25822 | Orc:2    | Found a staircase to the Elven Halls.
 25971 | Orc:2    | Found a frozen archway.
 25987 | IceCv    | Entered an ice cave
 26014 | IceCv    | Reached XP level 16. HP: 129/129 MP: 26/26
 26241 | IceCv    | Found a viscous altar of Jiyva.
 26248 | IceCv    | Received a gift from Okawaru
 26285 | IceCv    | Got the +3 mace "Baos" {freeze, rElec rPois rN++ rCorr}
 26290 | IceCv    | Identified the +6 ice dragon scales of Lieczex {rF- rC++
                  | Stlth+}
 26466 | Orc:2    | Found a dark tunnel.
 26498 | Volcano  | Entered a volcano
 26688 | Volcano  | Found a radiant altar of Vehumet.
 27306 | Orc:2    | Found a transporter.
 27337 | Orc:2    | Noticed Pooter's ghost (journeyman MiBe)
 27409 | Orc:2    | Found a transporter.
 27530 | Orc:2    | Found Totesoza's Armour Shoppe.
 27530 | Orc:2    | Found Acoy's Antique Armour Boutique.
 27532 | Orc:2    | Found Kuoc's Assorted Antiques.
 27534 | Orc:2    | Found Akimeica's Book Emporium.
 27862 | Orc:2    | Received a gift from Okawaru
 27889 | Orc:2    | Killed Pooter's ghost
 27959 | Orc:2    | Bought an ichor-stained scale mail for 180 gold pieces
 27959 | Orc:2    | Identified the +3 scale mail "Muahit" {Str+3} (You bought
                  | it in a shop on level 2 of the Orcish Mines)
 27965 | Orc:2    | Bought a faintly glowing hand axe for 240 gold pieces
 27965 | Orc:2    | Identified the +1 hand axe of Impatience {freeze, *Slow
                  | rF++ SInv} (You bought it in a shop on level 2 of the
                  | Orcish Mines)
 27969 | Orc:2    | Bought a scroll of fear for 120 gold pieces
 27969 | Orc:2    | Bought a potion of curing for 90 gold pieces
 27969 | Orc:2    | Bought a scroll of revelation for 225 gold pieces
 28118 | D:15     | Bought 6 atropa-tipped darts for 81 gold pieces
 28118 | D:15     | Bought a wand of flame (11) for 115 gold pieces
 28337 | Spider:1 | Entered Level 1 of the Spider Nest
 28952 | Spider:1 | Received a gift from Okawaru
 29566 | Spider:1 | Noticed Donald
 29591 | Spider:1 | Killed Donald
 29875 | Spider:1 | Upgraded the game from 0.31-a0-848-gaac375c287 to
                  | 0.31-a0-851-g7ff8af7976
 30386 | Spider:2 | Received a gift from Okawaru
 30678 | Spider:2 | Reached skill level 10 in Armour
 31419 | Spider:3 | Gained mutation: Your hexes are more powerful. [demonic
                  | ancestry]
 31419 | Spider:3 | Reached XP level 17. HP: 139/139 MP: 27/27
 31440 | Spider:3 | Gained mutation: You occasionally lose the ability to drink
                  | potions when taking damage. [mutagenic glow]
 31442 | Spider:3 | Lost mutation: You are agile. (Dex +4, Str/Int -1) [potion
                  | of mutation]
 31442 | Spider:3 | Lost mutation: Your mind is acute. (Int +4, Str/Dex -1)
                  | [potion of mutation]
 31442 | Spider:3 | Gained mutation: You possess an exceptional clarity of
                  | mind. [potion of mutation]
 31443 | Spider:3 | Lost mutation: You occasionally lose the ability to drink
                  | potions when taking damage. [potion of mutation]
 31443 | Spider:3 | Lost mutation: You are occasionally teleported next to
                  | monsters. [potion of mutation]
 31443 | Spider:3 | Gained mutation: You are somewhat resistant to further
                  | mutation. [potion of mutation]
 31443 | Spider:3 | Gained mutation: You are robust. (+10% HP) [potion of
                  | mutation]
 31632 | Spider:3 | Received a gift from Okawaru
 32161 | Spider:3 | Received a gift from Okawaru
 32291 | Spider:4 | Entered Level 4 of the Spider Nest
 32292 | Spider:4 | Noticed Arachne
 32298 | Arena    | Entered the Arena
 32317 | Arena    | Killed Arachne
 32400 | Spider:4 | Reached skill level 10 in Shields
 32745 | Spider:4 | Noticed Roxanne
 32798 | Spider:4 | HP: 1/152 [Roxanne/crystal spear (63)]
 32805 | Spider:4 | Killed Roxanne
 32805 | Spider:4 | Received a gift from Okawaru
 33016 | Spider:4 | Reached skill level 5 in Dodging
 33372 | Spider:4 | Noticed Louise
 33393 | Spider:4 | Killed Louise
 33480 | Spider:4 | Reached skill level 5 in Stealth
 33536 | Spider:4 | Annihilated by a radroach

Illustrated notes

Levels and vault maps discovered:
D:1:      minmay_arrival_widening_spiral_wide, layout_basic,
          shapermc_ecumenical_altar_gd
D:2:      minmay_thinvault, layout_loops_ring, serial_shops,
          nicolae_shop_tiny_statue_garden, shop, nicolae_shop_hallway_plus,
          shop_statue, st_stairs_1, minmay_parallelograms, uniq_terence
D:3:      layout_basic, trog_hazing_becter
D:4:      kennysheep_six_static_rooms, layout_loops_ring,
          nicolae_ashenzari_skybound, okawaru_metal_pillars_1_2,
          nrook_loot_triangle, uniq_eustachio
D:5:      layout_gridville, mainiacjoe_overflow_tiny_flanked, elyvilon_altar_4,
          general_overflow_altar, serial_bayou_pond_e, roderic_st_hans_cross
D:6:      layout_basic, mainiacjoe_overflow_brackets, minmay_temple_entry_fiery
D:7:      layout_basic, grunt_decor_clamped
D:8:      layout_loops_ring, hellmonk_lair_entry_icy, gammafunk_ghost_split,
          minivault_4, uniq_joseph, uniq_prince_ribbit1
D:9:      layout_roguey, grunt_gozag_breadcrumbs,
          nicolae_overflow_hidden_temple, enter_bailey_4,
          kennysheep_small_square
D:10:     layout_basic
D:11:     layout_roguey, onia_ninara_cookie, uniq_fannar
D:12:     layout_loops_ring, orc_0_dummy, serial_glass, glass_columns_a,
          glass_columns_a, glass_columns_a, glass_columns_b, uniq_snorg,
          uniq_nessos, uniq_jorgrun
D:13:     layout_cave_pods, skrybe_vaults_entry_preservation, serial_shops,
          nicolae_shop_crystal
D:14:     layout_grid_maze, hangedman_decor_peaks_small
D:15:     grunt_enter_depths_giant_problem, layout_rooms, gammafunk_ghost_ooze,
          nicolae_hepliaklqana_hazy_memory, serial_shops, shop, minivault_19,
          nicolae_nh_oracle_at_delphi, uniq_azrael
Temple:   bh_familiar_temple
Lair:1:   layout_loops_ring, uniq_maggie
Lair:2:   layout_hall_layers, skrybe_swamp_entry_bodies, spider_nest_entry_webs
Lair:3:   layout_regular_city, gammafunk_lair_bear_cave
Lair:4:   gammafunk_mikee_crab_dinner, layout_misc_corridors,
          nicolae_slime_entry_slimehenge, small_statue_intersection,
          roderic_carrion_pond, uniq_rupert, uniq_sonja
Lair:5:   minmay_lair_end_enchanted_forest, layout_regular_city,
          eino_house_with_fridge, grunt_megastairs_3, lemuel_fruit_tree
Spider:1: layout_spider_delve, uniq_donald
Spider:2: layout_spider_delve, nicolae_spider_not_touching_you
Spider:3: layout_spider_delve, nicolae_spider_webbed_stairs
Spider:4: grunt_spider_rune_circles, nicolae_spider_baby_got_redback,
          uniq_louise, uniq_arachne, uniq_roxanne
Orc:1:    layout_caves, statue_in_the_mist_lemuel
Orc:2:    st_orc_rangers, layout_caves, portal_ice_cave_entry_imps,
          gammafunk_ghost_berserking_beasts, nicolae_volcano_entry_two_sided,
          rock_pile

Skill      XL: |  1  2  3  4  5  6  7  8  9 10 11 12 13 14 15 16 17 |
---------------+----------------------------------------------------+-----
Dodging        | 1 2 3 4 5 |  5.0
Stealth        | 1 2 3 4 5 |  5.0
Shields        | 1 2 3 4 7 8 10 | 10.0
Fighting       | 5 6 7 8 10 11 12 14 | 14.1
Evocations     | 1 2 3 4 |  4.0
Armour         | 5 6 7 8 10 | 10.0
Throwing       | 2 3 4 6 11 12 14 | 14.0
Maces & Flails | 2 5 8 11 13 14 16 | 16.0
Invocations    | 4 6 8 10 14 | 14.0

Action                     |  1- 3 |  4- 6 |  7- 9 | 10-12 | 13-15 | 16-18 || total
---------------------------+-------+-------+-------+-------+-------+-------++-------
  Melee: Club              |    72 |       |       |       |       |       ||    72
         Kick              |    27 |    69 |    90 |   237 |   459 |   676 ||  1558
         Dagger            |    46 |   190 |    13 |       |       |       ||   249
         Punch             |     1 |     1 |     4 |    13 |     2 |       ||    21
         Whip              |       |    57 |   131 |   103 |       |       ||   291
         Unarmed           |       |    28 |       |       |       |       ||    28
         Mace              |       |       |   149 |   473 |   130 |  1218 ||  1970
         Flail             |       |       |       |    65 |       |       ||    65
         Dire flail        |       |       |       |    35 |   104 |       ||   139
         Demon whip        |       |       |       |       |   100 |       ||   100
         Eveningstar       |       |       |       |       |   897 |   193 ||  1090
  Throw: Stone             |     5 |     6 |     9 |    15 |   153 |       ||   188
         Dart              |       |     2 |     1 |    11 |    29 |     9 ||    52
         Javelin           |       |       |       |     1 |     6 |     7 ||    14
         Boomerang         |       |       |       |       |    39 |   172 ||   211
         Throwing net      |       |       |       |       |       |     1 ||     1
 Invoke: Heroism           |       |       |     1 |     4 |     1 |     8 ||    14
         Finesse           |       |       |       |     1 |     1 |     2 ||     4
         Receive Weapon    |       |       |       |       |     1 |       ||     1
         Receive Armour    |       |       |       |       |     1 |       ||     1
         Duel              |       |       |       |       |     1 |     1 ||     2
  Evoke: Wand              |       |     3 |       |       |       |     6 ||     9
         Tin of tremorston |       |       |       |       |       |     2 ||     2
    Use: Scroll            |     1 |     5 |    10 |     8 |     7 |     4 ||    35
         Potion            |       |     8 |     4 |     6 |     6 |    11 ||    35
   Stab: Sleeping          |     1 |     3 |     2 |     2 |       |    15 ||    23
         Distracted        |       |       |     1 |       |       |     1 ||     2
         Invisible         |       |       |       |     2 |       |    13 ||    15
         Paralysed         |       |       |       |       |       |     2 ||     2
 Armour: Leather armour    |    58 |   195 |   195 |   176 |       |       ||   624
         Chain mail        |     8 |       |       |    23 |   963 |    53 ||  1047
         Skin              |       |    44 |       |       |       |       ||    44
         Plate armour      |       |       |       |   435 |       |       ||   435
         Ice dragon scales |       |       |       |       |     2 |  1317 ||  1319
         Ring mail         |       |       |       |       |       |    10 ||    10
  Dodge: Dodged            |    72 |   181 |   198 |   338 |   427 |   618 ||  1834
  Block: Buckler           |       |       |       |       |   352 |       ||   352
         Kite shield       |       |       |       |       |       |   821 ||   821

Table legend: (Time is in decaauts)
 A = Elapsed time spent in this place.
 B = Non-inter-level travel time spent in this place.
 C = Inter-level travel time spent in this place.
 D = Time resting spent in this place.
 E = Time spent auto-exploring this place.
 F = Levels seen in this place.
 G = Mean time per level.
                   A        B        C        D        E       F      G
               +--------+--------+--------+--------+--------+-----+--------+
         Total |  32721 |  28870 |   3851 |   4085 |  15612 |  32 | 1022.5 |
       Dungeon |  19124 |  16430 |   2694 |   3006 |   9172 |  15 | 1274.9 |
        Temple |      1 |      1 |      0 |      0 |      0 |   1 |    1.0 |
          Lair |   5598 |   5093 |    505 |    263 |   3349 |   5 | 1119.6 |
   Spider Nest |   4919 |   4446 |    473 |    442 |   2383 |   4 | 1229.8 |
  Orcish Mines |   1401 |   1224 |    177 |      0 |    638 |   2 |  700.5 |
        Bailey |    756 |    756 |      0 |    362 |      2 |   1 |  756.0 |
      Ice Cave |    441 |    441 |      0 |      0 |     35 |   1 |  441.0 |
       Volcano |    426 |    426 |      0 |      0 |     32 |   1 |  426.0 |
         Arena |     49 |     49 |      0 |     12 |      0 |   2 |   24.5 |
               +--------+--------+--------+--------+--------+-----+--------+

Top non-repeatable levels by time:
Spider:1: 1917 daAuts
     D:8: 1773 daAuts
    D:11: 1618 daAuts
     D:4: 1617 daAuts
    D:13: 1546 daAuts
     D:2: 1473 daAuts
     D:6: 1389 daAuts
  Lair:5: 1383 daAuts
    D:12: 1315 daAuts
     D:1: 1305 daAuts
     D:5: 1243 daAuts
  Lair:2: 1157 daAuts
     D:9: 1144 daAuts
  Lair:3: 1120 daAuts
     D:3: 1108 daAuts
